 Dungeon Crawl Stone Soup version 0.30-a0-1104-g706747fef1 (webtiles) character file.

Game seed: 6551566572251158075

25514 Essalna the Arsonist (level 13, -5/76 (77) HPs)
             Began as a Gargoyle Fire Elementalist on Apr 19, 2023.
             Was an Elder of Vehumet.
             Slain by a sun demon (12 damage)
             ... summoned by an orc high priest
             ... on level 2 of the Orcish Mines.
             The game lasted 00:33:05 (14193 turns).

Essalna the Arsonist (Gargoyle Fire Elementalist)  Turns: 14193, Time: 00:33:06

HP:   -5/76 (77)    AC: 20    Str: 14      XL:     13   Next: 20%
MP:   21/23         EV: 14    Int: 27 (29) God:    Vehumet [****..]
Gold: 1300          SH:  0    Dex: 13      Spells: 9/26 levels left

rFire   . . .      SeeInvis .    Q - +1 short sword "Haig" {heavy, Int+5}
rCold   . . .      Faith    .    (no shield)
rNeg    + . .      Spirit   .    n - +1 leather armour "Rorewk" {rElec Str+3 Int+2}
rPois   ∞          Reflect  .    e - +0 helmet
rElec   +          Rampage  .    q - +2 cloak
rCorr   .                        I - +2 pair of gloves {Dex+3}
Will    .....                    M - +1 pair of boots
Stlth   ++                       J - amulet of regeneration
HPRegen 1.12/turn                h - +4 ring of protection
MPRegen 0.18/turn                (no ring)

@: corroded, lightly drained
A: sickness immunity, AC +9, negative energy resistance 1, electricity
resistance, torment resistance 1, petrification resistance, frail 1
a: Renounce Religion


You were on level 2 of the Orcish Mines.
You worshipped Vehumet.
Vehumet was greatly pleased with you.
You visited 3 branches of the dungeon, and saw 12 of its levels.
You also visited: Bailey.

You collected 1365 gold pieces.
You spent 65 gold pieces at shops.

Inventory:

Hand Weapons
 f - a +3 dagger of electrocution
 Q - the +1 short sword "Haig" (weapon) {heavy, Int+5}
   (You took it off a spriggan in a bailey)

   Int:       It affects your intelligence (+5).
Armour
 a - a +0 robe
 e - a +0 helmet (worn)
 n - the +1 leather armour "Rorewk" (worn) {rElec Str+3 Int+2}
   (You found it on level 2 of the Dungeon)

   Str:       It affects your strength (+3).
   Int:       It affects your intelligence (+2).
   rElec:     It insulates you from electricity.
 p - a +0 pair of gloves
 q - a +2 cloak (worn)
 r - a +0 troll leather armour
 t - a +2 robe of resistance
 I - a +2 pair of gloves of dexterity (worn)
 M - a +1 pair of boots (worn)
Magical Staves
 k - a staff of air
Jewellery
 h - a +4 ring of protection (left hand)
 J - an amulet of regeneration (around neck)
 L - a +4 ring of slaying
 N - a ring of see invisible
 O - an amulet of the acrobat
Wands
 o - a wand of roots (3)
 B - a wand of light (8)
 C - a wand of flame (45)
 P - a wand of mindburst (19)
Scrolls
 g - 3 scrolls of identify
 i - 2 scrolls of teleportation
 s - a scroll of immolation
 v - 2 scrolls of enchant weapon
 x - a scroll of enchant armour
 E - a scroll of poison
 G - 2 scrolls of amnesia
 K - a scroll of blinking
Potions
 c - 3 potions of ambrosia
 d - 4 potions of lignification {unknown}
 j - 3 potions of curing {unknown}
 l - 2 potions of brilliance {unknown}
 m - 6 potions of mutation
 w - 4 potions of attraction {unknown}
 z - a potion of degeneration
 D - a potion of resistance
 F - 3 potions of heal wounds
 H - a potion of invisibility


   Skills:
 - Level 12.0 Fighting
 - Level 5.4 Armour
 - Level 6.0 Dodging
 - Level 2.1 Stealth
 - Level 7.1 Spellcasting
 - Level 6.1 Conjurations
 - Level 14.3 Fire Magic
 + Level 0.1 Air Magic


You had 9 spell levels left.
You knew the following spells:

 Your Spells              Type           Power      Damage    Failure   Level
a - Foxfire               Conj/Fire      100%       2x1d9     1%          1
b - Scorch                Fire           100%       2d9       1%          2
c - Flame Wave            Conj/Fire      60%        2d14      1%          4
d - Sticky Flame          Conj/Fire      60%        2d8       1%          4
e - Plasma Beam           Fire/Air       24%        2x1d39    16%         6

Your spell library contained the following spells:

 Spells                   Type           Power      Damage    Failure   Level
 Irradiate                Conj/Tmut      13%        3d16      16%         5
 Shock                    Conj/Air       100%       1d9       1%          1
 Dazzling Flash           Conj/Hex       52%        N/A       1%          3
 Ignite Poison            Fire/Tmut/Pois 35%        N/A       1%          3
 Inner Flame              Hex/Fire       48%        N/A       1%          3
 Volatile Blastmotes      Fire/Tloc      96%        2d18      1%          3
 Fireball                 Conj/Fire      30%        3d13      1%          5
 Poisonous Vapours        Pois/Air       20%        N/A       3%          2
 Starburst                Conj/Fire      30%        6d9       4%          6
 Iskenderun's Mystic Bla  Conj/Tloc      26%        2d7       5%          4
 Sting                    Tmut/Pois      36%        1d4       7%          1
 Airstrike                Air            5%         2d(1-17)  17%         4
 Olgreb's Toxic Radiance  Pois           9%         N/A       17%         4
 Swiftness                Air            10%        N/A       21%         3
 Freezing Cloud           Conj/Ice/Air   10%        6-21      21%         5
 Borgnjor's Revivificati  Necr           4%         N/A       100%        8
 Necromutation            Tmut/Necr      4%         N/A       100%        8
 Death's Door             Necr           4%         N/A       100%        9
 Cigotuvi's Dreadful Rot  Necr/Pois/Air  Unusable   N/A       N/A         2

Dungeon Overview and Level Annotations

Branches:
Dungeon (9/15)             Temple (1/1) D:5            Lair (0/5) D:9
    Orc (2/2) D:9             Elf (0/3) Orc:2        Bailey (visited)

Altars:
Elyvilon
Fedhas
Hepliaklqana
Makhleb
Nemelex Xobeh
Okawaru
Qazlal
Ru
Sif Muna
Trog
Vehumet
Xom
Yredelemnul

Shops:
D:7 (:([!   D:9 :   Orc:1 *


Innate Abilities, Weirdness & Mutations

You are immune to sickness and miasma.
Your stone body is resilient. (AC +9)
You are immune to poison.
You resist negative energy. (rN+)
You are resistant to electric shocks. (rElec)
You are resistant to unholy torment.
You are immune to petrification.
You are frail. (-10% HP)


Message History

The orc sorcerer gestures wildly while chanting.
The foxfire hits the rust devil but does no damage.
The foxfire hits the rust devil.
The rust devil completely resists.
The orc high priest calls upon Beogh to heal the orc sorcerer.
The orc sorcerer's wounds heal themselves!
The orc sorcerer casts a spell at you.
The bolt of negative energy hits the rust devil.
The rust devil completely resists.
The bolt of negative energy hits you. You partially resist.
You feel drained.
The rust devil attacks as you move away!
The rust devil hits you. The rust devil corrodes you!
The rust devil attacks as you move away!
The rust devil hits you. The rust devil corrodes you!
The orc high priest attacks as you move away!
The orc high priest hits you but does no damage.
The orc high priest starts to sing a prayer.
The orc high priest prays to Beogh.
The rust devil attacks as you move away!
The rust devil hits you. The rust devil corrodes you!
Things that are here:
a +0 dire flail; a +0 chain mail; an orc corpse The orc high priest utters an invocation to Beogh.
The orc sorcerer mumbles some strange words.
The sun demon attacks as you move away! The sun demon closely misses you.
The sun demon attacks as you move away! The sun demon barely misses you.
The sun demon attacks as you move away!
The sun demon hits you but does no damage.
Things that are here:
a +0 chain mail; a +0 flail The sun demon attacks as you move away!
The sun demon hits you!
You are engulfed in flames!!
Things that are here:
a +0 robe; a +0 dagger The sun demon attacks as you move away!
The sun demon hits you!
You are engulfed in flames!
* * * LOW HITPOINT WARNING * * *
The sun demon hits you!
* * * LOW HITPOINT WARNING * * *
You are engulfed in flames!
You die...

### #### #### ####### ##.###..##
##..##### ##...... #...#....###
#....##.#####.......
#....#..##.####..#....##.........
.#...#..#...###).................
.........#.##.))@33...o..........
...#.....#.#.)).#.)...4..........
...#.)....).).##)..))..o.........
#.##...#...#.####.#..............
##.........#####)###.##o......)..
.......#...####.).#..............
........#.#..#.#.##...........)..
..#..########################)...
.....# #.44.


You could see an orc high priest, 2 sun demons, a rust devil (summoned), an orc
sorcerer and an orc warrior.

Vanquished Creatures
  2 two-headed ogres
  2 orc high priests
  Pikel (D:7)
  4 orc knights
  3 orc sorcerers (Orc:2)
  An oklob plant (Orc:1)
  Joseph (D:9)
  A komodo dragon (D:8)
  2 trolls
  Sigmund (D:2)
  6 spriggans (Bailey)
  2 wyverns
  15 yaks
  A steam dragon (D:8)
  3 wargs
  Menkaure (D:7)
  3 acid dragons
  4 water moccasins
  A sky beast (D:6)
  23 orc warriors
  A black bear (D:6)
  2 ice beasts
  6 ogres
  2 lemures (D:6)
  A phantom (D:4)
  2 kobold brigands
  2 gnoll sergeants
  3 scorpions
  6 bullfrogs
  5 wights
  6 howler monkeys
  A hound (D:4)
  21 orc priests
  4 jellies
  5 iguanas
  2 sleepcaps
  Natasha (thrice) (D:3)
  30 orc wizards
  10 gnolls
  7 adders
  2 shadow imps
  2 white imps
  3 worms
  A dart slug (D:1)
  66 orcs
  5 ball pythons (D:1)
  5 bats
  9 endoplasms
  3 giant cockroaches
  7 goblins
  6 hobgoblins
  3 jackals
  7 quokkas
  4 frilled lizards
  18 kobolds
  5 rats
  A spectral orc (D:5)
343 creatures vanquished.

Vanquished Creatures (collateral kills)
  2 foxfires
2 creatures vanquished.

Vanquished Creatures (others)
  1235 foxfires
  17 fungi (D:9)
  11 plants (D:9)
1263 creatures vanquished.

Grand Total: 1608 creatures vanquished

Notes
Turn   | Place    | Note
-------+----------+-------------------------------------------
     0 | D:1      | Essalna the Gargoyle Fire Elementalist began the quest for
                  | the Orb.
     0 | D:1      | Reached XP level 1. HP: 10/10 MP: 3/3
   139 | D:1      | Reached XP level 2. HP: 4/16 MP: 0/5
   153 | D:1      | Reached skill level 1 in Fighting
   447 | D:1      | Reached XP level 3. HP: 20/20 MP: 6/6
   925 | D:2      | Identified the +1 leather armour "Rorewk" {rElec Str+3
                  | Int+2}
  1207 | D:2      | Noticed Sigmund
  1242 | D:2      | Killed Sigmund
  1243 | D:2      | Reached skill level 4 in Fire Magic
  1243 | D:2      | Reached XP level 4. HP: 28/28 MP: 0/7
  1243 | D:2      | Reached XP level 5. HP: 32/32 MP: 0/8
  1695 | D:3      | Reached XP level 6. HP: 37/37 MP: 1/9
  2217 | D:3      | Noticed Natasha
  2222 | D:3      | Killed Natasha
  2397 | D:3      | Learned a level 2 spell: Scorch
  2521 | D:3      | Noticed Natasha
  2523 | D:3      | Killed Natasha
  2589 | D:3      | Noticed Natasha
  2592 | D:3      | Killed Natasha
  3034 | D:4      | Reached XP level 7. HP: 42/42 MP: 6/10
  3207 | D:4      | Found a shimmering altar of Xom.
  3207 | D:4      | Found a shimmering altar of Xom.
  3210 | D:4      | Found a shimmering altar of Xom.
  3211 | D:4      | Found a shimmering altar of Xom.
  3212 | D:4      | Found a shimmering altar of Xom.
  3681 | D:5      | Entered Level 5 of the Dungeon
  3728 | D:5      | Reached skill level 5 in Fire Magic
  3944 | D:5      | Found a staircase to the Ecumenical Temple.
  3958 | Temple   | Entered the Ecumenical Temple
  4000 | Temple   | Became a worshipper of Vehumet
  4254 | D:5      | You fall into a shaft and drop 2 floors!
  4254 | D:7      | Found Tuurrovi's Weapon Boutique.
  4306 | D:7      | Noticed Menkaure
  4314 | D:7      | Killed Menkaure
  4315 | D:7      | Reached XP level 8. HP: 48/48 MP: 0/12
  4498 | D:7      | Found Xuozuwab's Antique Armour Boutique.
  4522 | D:7      | Reached skill level 5 in Conjurations
  4586 | D:7      | Reached skill level 5 in Fighting
  4831 | D:7      | Reached * piety under Vehumet
  4831 | D:7      | Offered knowledge of Freeze by Vehumet.
  5026 | D:7      | Reached skill level 5 in Armour
  5300 | D:8      | Reached skill level 6 in Fire Magic
  5300 | D:8      | Reached XP level 9. HP: 54/54 MP: 7/14
  5434 | D:8      | Noticed a komodo dragon
  5454 | D:8      | Killed a komodo dragon
  6170 | D:7      | Found Gaum's Distillery.
  6173 | D:7      | Bought a potion of heal wounds for 65 gold pieces
  6237 | D:7      | Reached skill level 5 in Spellcasting
  6242 | D:7      | Reached skill level 7 in Fire Magic
  6417 | D:6      | Noticed Pikel
  6573 | D:7      | Killed Pikel
  6574 | D:7      | Reached XP level 10. HP: 52/63 MP: 9/18
  6682 | D:6      | Offered knowledge of Sandblast by Vehumet.
  6755 | D:6      | Reached ** piety under Vehumet
  7279 | D:5      | Found a basalt altar of Yredelemnul.
  8378 | D:7      | Found Woelyror's Weapon Boutique.
  8379 | D:7      | Noticed a +0 demon blade
  8379 | D:7      | Noticed a +0 demon blade
  8454 | D:7      | Found Zuroroll's Book Shoppe.
  8836 | D:8      | Reached skill level 8 in Fire Magic
  8963 | D:8      | Reached skill level 5 in Dodging
  9280 | D:9      | Found Paudu's Book Shop.
  9316 | D:9      | Found a flagged portal.
  9325 | Bailey   | Entered a bailey
  9457 | Bailey   | Reached XP level 11. HP: 69/69 MP: 13/21
  9480 | Bailey   | Offered knowledge of Frozen Ramparts by Vehumet.
  9518 | Bailey   | Identified the +1 short sword "Haig" {heavy, Int+5}
  9668 | Bailey   | Noticed a two-headed ogre
  9674 | Bailey   | Killed a two-headed ogre
  9825 | Bailey   | Identified 2 scrolls of acquirement
  9825 | Bailey   | Acquired a +4 ring of protection
  9834 | Bailey   | Acquired a book of Fire
  9998 | Bailey   | Reached skill level 12 in Fire Magic
  9998 | Bailey   | Reached XP level 12. HP: 76/76 MP: 22/22
 10016 | D:9      | Found a white marble altar of Elyvilon.
 10072 | D:9      | Noticed a two-headed ogre
 10085 | D:9      | Killed a two-headed ogre
 10135 | D:9      | Reached *** piety under Vehumet
 10383 | D:9      | Noticed Joseph
 10395 | D:9      | Killed Joseph
 10546 | D:9      | Found a staircase to the Lair.
 10652 | D:9      | Found a blossoming altar of Fedhas.
 10839 | D:9      | Reached skill level 13 in Fire Magic
 10861 | D:9      | Offered knowledge of Sticky Flame by Vehumet.
 10906 | D:9      | Reached skill level 10 in Fighting
 11233 | D:9      | Found a staircase to the Orcish Mines.
 11289 | Orc:1    | Entered Level 1 of the Orcish Mines
 11295 | Orc:1    | Learned a level 4 spell: Flame Wave
 11300 | Orc:1    | Learned a level 4 spell: Sticky Flame
 11320 | Orc:1    | Reached **** piety under Vehumet
 11328 | Orc:1    | Offered knowledge of Irradiate by Vehumet.
 11463 | Orc:1    | Found Piocwe Lato's General Store.
 11991 | Orc:2    | Entered Level 2 of the Orcish Mines
 12260 | Orc:2    | Noticed an orc high priest
 12785 | Orc:2    | Found a staircase to the Elven Halls.
 13011 | Orc:2    | Noticed an orc high priest
 13065 | Orc:1    | Gained mutation: You are frail. (-10% HP) [a neqoxec]
 13078 | Orc:1    | Killed an orc high priest
 13249 | Orc:2    | Paralysed by an orc sorcerer for 5 turns
 13258 | Orc:2    | Reached XP level 13. HP: 7/75 MP: 1/23
 13415 | Orc:2    | Reached skill level 14 in Fire Magic
 14089 | Orc:2    | Noticed an orc warlord
 14121 | Orc:2    | Learned a level 6 spell: Plasma Beam
 14193 | Orc:2    | Slain by a sun demon

Illustrated notes

Levels and vault maps discovered:
D:1:      nicolae_arrival_somewhat_less_tricky_arrival, layout_basic
D:2:      layout_basic, uniq_sigmund
D:3:      layout_basic, serial_glass, glass_columns_c, glass_columns_a,
          glass_columns_a, glass_columns_a, glass_columns_a,
          minmay_strange_pillars, feat_on_display, due_unseen_surprise,
          feat_on_display, uniq_natasha
D:4:      layout_loops_ring, xom_redecorated
D:5:      layout_loops_ring, yredelemnul_forgotten_temple_becter,
          minmay_temple_entry_hall, minmay_misc_feat_x, minmay_misc_feat_rows,
          lightli_minifort
D:6:      layout_gridville, uniq_pikel
D:7:      layout_rooms, serial_shops, nicolae_shop_crystal,
          nicolae_book_shop_shelving, nicolae_shop_statue_plus, shop,
          nicolae_shop_mannequins, minmay_diced_spiral, uniq_menkaure
D:8:      layout_basic, st_stairs_2, minmay_misc_feat_square, minmay_lizard_king
D:9:      layout_long_grid, mainiacjoe_overflow_six_doors_small,
          kennysheep_little_box, grunt_lair_entry_orc_guard_hut, david_orc_4,
          enter_bailey_2, serial_shops, nicolae_lakefront_shop, uniq_joseph
Temple:   nicolae_temple_superstar
Orc:1:    layout_caves, serial_shops, nicolae_shop_window_shopping,
          mines3_lemuel
Orc:2:    st_orc_congregation, layout_caves, uniq_urug

Skill      XL: |  1  2  3  4  5  6  7  8  9 10 11 12 13 |
---------------+----------------------------------------+-----
Fighting       | 1 3 4 5 7 8 9 11 12 | 12.0
Conjurations   | 3 4 5 6 |  6.1
Armour         | 2 3 4 5 |  5.4
Fire Magic     | 4 5 6 7 8 12 13 14 | 14.3
Spellcasting   | 3 5 6 7 |  7.1
Dodging        | 4 5 6 |  6.0
Stealth        | |  2.1
Air Magic      | |  0.1

Action                     |  1- 3 |  4- 6 |  7- 9 | 10-12 | 13-15 || total
---------------------------+-------+-------+-------+-------+-------++-------
  Melee: Unarmed           |     6 |       |       |       |       ||     6
         Dagger            |    53 |    57 |   118 |   143 |    25 ||   396
         Punch             |       |     1 |     4 |     4 |     1 ||    10
         Short sword       |       |       |       |   121 |     8 ||   129
   Cast: Foxfire           |    37 |    31 |   154 |   419 |    90 ||   731
         Scorch            |       |     8 |    64 |   105 |    28 ||   205
         Flame Wave        |       |       |       |     9 |     3 ||    12
    Use: Potion            |       |       |     1 |     1 |     1 ||     3
         Scroll            |       |       |       |    23 |       ||    23
   Stab: Sleeping          |     3 |     1 |       |       |       ||     4
         Distracted        |     1 |       |       |       |       ||     1
 Armour: Robe              |    20 |       |       |       |       ||    20
         Leather armour    |     4 |    22 |   103 |   233 |    18 ||   380
  Dodge: Dodged            |    23 |    29 |   105 |   297 |    37 ||   491

Table legend: (Time is in decaauts)
 A = Elapsed time spent in this place.
 B = Non-inter-level travel time spent in this place.
 C = Inter-level travel time spent in this place.
 D = Time resting spent in this place.
 E = Time spent auto-exploring this place.
 F = Levels seen in this place.
 G = Mean time per level.
                   A        B        C        D        E       F      G
               +--------+--------+--------+--------+--------+-----+--------+
         Total |  14266 |  13690 |    576 |    435 |  10331 |  13 | 1097.4 |
       Dungeon |  10589 |  10189 |    400 |    268 |   7874 |   9 | 1176.6 |
        Temple |     70 |     40 |     30 |      0 |     31 |   1 |   70.0 |
  Orcish Mines |   2919 |   2773 |    146 |     67 |   2050 |   2 | 1459.5 |
        Bailey |    686 |    686 |      0 |    100 |    376 |   1 |  686.0 |
               +--------+--------+--------+--------+--------+-----+--------+

Top non-repeatable levels by time:
   Orc:2: 1918 daAuts
     D:7: 1780 daAuts
     D:8: 1688 daAuts
     D:9: 1392 daAuts
     D:4: 1064 daAuts
     D:5: 1061 daAuts
   Orc:1: 1001 daAuts
     D:6: 987 daAuts
     D:3: 956 daAuts
     D:2: 844 daAuts
     D:1: 814 daAuts
  Bailey: 686 daAuts
  Temple: 70 daAuts
